 Dungeon Crawl Stone Soup version 0.27.1-33-g824d729ab1 (webtiles) character file.

Game seed: 7383273063934513281

103861 ONETWELVE the Executioner (level 16, -8/149 HPs)
             Began as a Hill Orc Monk on Jan 1, 2022.
             Was an Elder of Trog.
             Mangled by the 27-headed Lernaean hydra (12 damage)
             ... on level 4 of the Swamp.
             The game lasted 01:05:45 (11011 turns).

ONETWELVE the Executioner (Hill Orc Monk)          Turns: 11011, Time: 01:05:46

Health: -8/149     AC: 34    Str: 25    XL:     16   Next: 37%
Magic:  16/16      EV: 12    Int:  7    God:    Trog [****..]
Gold:   982        SH:  5    Dex: 15    Spells: 15/15 levels left

rFire    . . .     SeeInvis .   m - +4 executioner's axe (vorpal)
rCold    + . .     Faith    .   (shield currently unavailable)
rNeg     . . .     Spirit   .   C - +8 plate armour {rPois}
rPois    +         Reflect  +   i - +2 helmet
rElec    .         Harm     .   B - +2 cloak {rCorr}
rCorr    +         Rampage  .   t - +1 pair of gloves {Stlth+}
Will     ++...                  d - +0 pair of boots
Stlth    ..........             g - amulet "Haixtofi" {Reflect rPois Will+ Str+4 Int-3 Dex+2 SH+5}
HPRegen  0.34/turn              j - +4 ring of evasion
MPRegen  0.15/turn              r - ring of protection from cold

@: about to teleport, on berserk cooldown
A: no striking features
a: Renounce Religion, Berserk, Trog's Hand, Brothers in Arms


You were on level 4 of the Swamp.
You worshipped Trog.
Trog was greatly pleased with you.
You visited 6 branches of the dungeon, and saw 28 of its levels.
You also visited: Ice Cave.

You collected 1838 gold pieces.
You spent 856 gold pieces at shops.

Inventory:

Hand Weapons
 b - a +3 broad axe
 l - a +0 scimitar of flaming
 m - a +4 vorpal executioner's axe (weapon)
 p - a +2 demon trident of venom
 x - a +1 demon whip of venom
 z - a +3 war axe of draining
 E - a +1 broad axe of freezing
 L - a +2 battleaxe
Missiles
 a - 6 atropa-tipped darts
 s - 39 poisoned darts
 N - 3 javelins
 R - 7 silver javelins (quivered)
Armour
 d - a +0 pair of boots (worn)
 h - a scarf of resistance
 i - a +2 helmet (worn)
 q - a +2 kite shield of reflection
 t - a +1 pair of gloves of stealth (worn)
 u - a +1 chain mail
 B - a +2 cloak of preservation (worn)
 C - a +8 plate armour of poison resistance (worn)
 O - a +0 hat of stealth
 S - a +2 plate armour of positive energy
 T - a +0 kite shield of cold resistance
 U - a +3 plate armour of cold resistance
Jewellery
 g - the amulet "Haixtofi" (around neck) {Reflect rPois Will+ Str+4 Int-3 Dex+2 SH+5}
   (You acquired it on level 5 of the Dungeon)

   [amulet of reflection]

   It reflects blocked missile attacks.
   Str:       It affects your strength (+4).
   Int:       It affects your intelligence (-3).
   Dex:       It affects your dexterity (+2).
   rPois:     It protects you from poison.
   SH:        It affects your SH (+5).
   Will:      It increases your willpower.
 j - a +4 ring of evasion (left hand)
 r - a ring of protection from cold (right hand)
 G - a ring of fire
Wands
 k - a wand of paralysis (6)
 H - a wand of iceblast (22)
 P - a wand of charming (2)
 W - a wand of flame (13)
Scrolls
 c - a scroll of identify
 f - 2 scrolls of fog
 J - 5 scrolls of teleportation
 V - a scroll of blinking
 Y - a scroll of vulnerability
Potions
 e - a potion of resistance
 n - 2 potions of cancellation
 o - 3 potions of curing
 v - 2 potions of mutation
 w - a potion of attraction
 A - 4 potions of invisibility
 D - a potion of lignification
 F - a potion of magic
 I - 3 potions of heal wounds


   Skills:
 - Level 15.5 Fighting
 + Level 25.1 Axes
 - Level 5.2 Throwing
 + Level 11.7 Armour
 - Level 2.4 Dodging
 - Level 1.5 Stealth
 - Level 5.1 Evocations


You had 15 spell levels left.
You didn't know any spells.
Your spell library contained the following spells:

 Spells                   Type           Power      Damage    Failure   Level
 Blink                    Tloc           N/A        N/A       99%         2
 Corpse Rot               Necr/Air       N/A        N/A       99%         2
 Poisonous Vapours        Pois/Air       0%         N/A       99%         2
 Slow                     Hex            0%         N/A       99%         2
 Sublimation of Blood     Necr           0%         N/A       99%         2
 Confusing Touch          Hex            0%         N/A       100%        3
 Dazzling Flash           Conj/Hex       0%         N/A       100%        3
 Gell's Gravitas          Tloc           0%         N/A       100%        3
 Lesser Beckoning         Tloc           0%         N/A       100%        3
 Teleport Other           Tloc           0%         N/A       100%        3
 Vampiric Draining        Necr           0%         2d6       100%        3
 Airstrike                Air            0%         N/A       100%        4
 Animate Dead             Necr           0%         N/A       100%        4
 Fulminant Prism          Conj/Hex       0%         3d6       100%        4
 Iskenderun's Mystic Bla  Conj/Tloc      0%         2d3       100%        4
 Petrify                  Tmut/Erth      0%         N/A       100%        4
 Summon Lightning Spire   Summ/Air       0%         N/A       100%        4
 Borgnjor's Vile Clutch   Necr/Erth      0%         N/A       100%        5
 Freezing Cloud           Conj/Ice/Air   0%         6-21      100%        5
 Irradiate                Conj/Tmut      0%         3d13      100%        5
 Lee's Rapid Deconstruct  Erth           0%         3d5*      100%        5
 Lightning Bolt           Conj/Air       0%         1d11      100%        5
 Manifold Assault         Tloc           0%         N/A       100%        5
 Death Channel            Necr           0%         N/A       100%        6
 Starburst                Conj/Fire      0%         6d3       100%        6
 Storm Form               Tmut/Air       0%         N/A       100%        7


Dungeon Overview and Level Annotations

Branches:
Dungeon (14/15)            Temple (1/1) D:5            Lair (6/6) D:8
  Swamp (4/4) Lair:4        Snake (1/4) Lair:3        Slime (0/5) Lair:6
    Orc (2/2) D:12         Vaults (0/5) D:14          IceCv (visited)
    Elf: Orc:2

Altars:
Ashenzari
Cheibriados
Dithmenos
Elyvilon
Fedhas
Gozag
Hepliaklqana
Kikubaaqudgha
Makhleb
Nemelex Xobeh
Okawaru
Qazlal
Ru
Sif Muna
Trog
Uskayaw
Vehumet
Wu Jian
Xom
Yredelemnul
Zin
Beogh

Shops:
D:3 ([   D:8 *   D:11 *   Orc:2 *[:(=

Annotations:
D:2 Natasha
D:5 exclusion: upstairs
D:10 2 transporters, libidonplus's ghost, journeyman GnFi
D:11 exclusion: downstairs
D:13 exclusion: downstairs
Swamp:2 Jorgrun
Swamp:3 exclusion: downstairs
Swamp:4 Lernaean hydra


Message History

The 27-headed Lernaean hydra bites you!
The 27-headed Lernaean hydra bites you but does no damage.
You block the 27-headed Lernaean hydra's attack. x2
The 27-headed Lernaean hydra bites you.
The 27-headed Lernaean hydra bites you but does no damage. x3
The 27-headed Lernaean hydra bites you! The 27-headed Lernaean hydra bites you.
The 27-headed Lernaean hydra bites you but does no damage.
The 27-headed Lernaean hydra closely misses you.
The 27-headed Lernaean hydra bites you but does no damage.
Unknown command.
Okay, then.
You see here a hydra skeleton.
There is a stone staircase leading up, spattered with blood here.
As you read the scroll of teleportation, it crumbles to dust.
You feel strangely unstable.
Your skin stops crawling.
You feel less strong-willed.
The 27-headed Lernaean hydra bites you but does no damage.
You block the 27-headed Lernaean hydra's attack.
The 27-headed Lernaean hydra bites you but does no damage. x2
The 27-headed Lernaean hydra bites you. x5
* * * LOW HITPOINT WARNING * * *
The 27-headed Lernaean hydra bites you but does no damage.
The 27-headed Lernaean hydra bites you!
* * * LOW HITPOINT WARNING * * *
The 27-headed Lernaean hydra bites you!
* * * LOW HITPOINT WARNING * * *
The 27-headed Lernaean hydra bites you but does no damage. x3
The 27-headed Lernaean hydra bites you.
* * * LOW HITPOINT WARNING * * *
The 27-headed Lernaean hydra bites you but does no damage. x4
The 27-headed Lernaean hydra barely misses you.
The 27-headed Lernaean hydra bites you but does no damage.
The 27-headed Lernaean hydra bites you.
* * * LOW HITPOINT WARNING * * *
The 27-headed Lernaean hydra bites you.
* * * LOW HITPOINT WARNING * * *
The 27-headed Lernaean hydra bites you!
* * * LOW HITPOINT WARNING * * *
The 27-headed Lernaean hydra bites you!
You die...

#. ####.#.#.....≈≈≈≈≈≈≈≈≈..≈≈≈≈.≈
≈. #⌠...#...≈.....≈§≈§≈≈.≈≈≈≈≈..≈
.. #P....P≈....!.(.≈.≈≈≈≈≈≈≈≈≈≈≈≈
≈. #...(≈(.(.#§...♣≈....≈≈≈≈≈≈≈≈≈
(. #.≈8≈≈≈..§.≈...≈....<§≈......≈
..###...#..#.#≈≈≈≈≈≈♣.≈≈≈≈.....≈.
(≈..≈.8..[...†#≈≈≈.≈.≈≈≈≈≈≈≈≈≈.≈≈
≈.≈........≈..#≈[[..≈≈≈≈≈.≈≈≈≈.§≈
8P.≈.P8≈#≈.....D@[...≈≈≈≈.≈≈≈....
........#.≈..≈.≈♣♣♣♣≈.≈.♣♣...♣♣♣≈
#+#.#...#..≈.≈#♣♣ ♣≈≈♣♣♣ ♣♣♣♣
....≈≈≈≈)#.#..♣ ♣♣♣
♣♣♣♣♣♣♣♣♣♣♣♣♣♣♣♣


You could see the 27-headed Lernaean hydra.

Vanquished Creatures
  Mara (Swamp:3)
  Gastronok (D:11)
  Donald (Orc:2)
  A fenstrider witch (Swamp:1)
  3 ghouls (Swamp:4)
  An orc warlord (Orc:2)
  A reaper (IceCv)
  2 bunyips
  Azrael (Orc:2)
  2 eleionomae
  16 hydras
  An anaconda (Lair:3)
  2 boulder beetles (D:14)
  3 two-headed ogres
  3 centaur warriors (D:14)
  3 death yaks (Lair:3)
  An alligator (Swamp:3)
  Urug (D:11)
  An orc high priest (Orc:2)
  A spriggan berserker (Swamp:4)
  The ghost of Karpo the Geomancer, a novice GrEE of Vehumet (D:8)
  2 goliath frogs
  6 skeletal warriors
  A spriggan druid (Swamp:3)
  9 bog bodies
  8 swamp dragons
  4 orc knights
  2 orc sorcerers (Orc:2)
  A deep elf pyromancer (D:13)
  4 cyclopes
  3 manticores
  An ugly thing (D:13)
  4 elephants (Lair:6)
  An ice statue (IceCv)
  3 black mambas
  A moth of wrath (D:8)
  10 cane toads
  3 gargoyles
  An unseen horror (D:11)
  3 rime drakes
  3 orange demons (D:13)
  A freezing wraith (IceCv)
  3 kobold demonologists (D:11)
  7 komodo dragons
  2 anaconda simulacra (IceCv)
  6 ice devils (IceCv)
  3 polar bears (Lair:6)
  5 hornets
  A troll (D:11)
  4 tyrant leeches
  10 blink frogs
  2 dream sheep (Lair:6)
  15 spriggans
  A basilisk (Lair:6)
  34 yaks
  2 dire elephant simulacra (IceCv)
  A wyvern (D:9)
  12 humans
  2 steam dragons
  6 fire elementals (Orc:2)
  2 wargs (Orc:2)
  8 vampire mosquitoes
  8 swamp worms
  3 nagas (Lair:3)
  An acid dragon (D:14)
  14 water moccasins
  2 hell hounds (Orc:2)
  6 black bears
  An ice beast (D:8)
  6 swamp drakes (Swamp:4)
  A sky beast (D:7)
  20 orc warriors
  A hornet zombie (D:7)
  2 boggarts (Lair:6)
  2 ogres
  An ogre (shapeshifter) (D:14)
  3 necrophages
  32 wolves
  2 centaurs
  4 kobold brigands
  A phantom (D:4)
  7 scorpions
  9 bullfrogs
  A two-headed ogre simulacrum (IceCv)
  4 wights (D:9)
  6 howler monkeys
  A bullfrog zombie (D:5)
  2 lava snakes (D:11)
  3 centaur zombies
  15 orc priests
  4 hounds
  3 jellies
  A centaur skeleton (D:7)
  4 iguanas
  21 orc wizards
  A troll simulacrum (IceCv)
  A spriggan simulacrum (IceCv)
  4 polar bear simulacra (IceCv)
  2 howler monkey zombies
  Robin (D:1)
  3 adders
  2 naga simulacra (IceCv)
  A shadow imp (D:7)
  3 white imps
  3 ufetubi (IceCv)
  4 dart slugs
  52 orcs
  2 ball pythons
  9 endoplasms
  5 giant cockroaches
  9 goblins
  3 hobgoblins (D:1)
  5 jackals (D:1)
  16 kobolds
  5 quokkas
  6 bats
  A frilled lizard (D:1)
  2 rats (D:1)
575 creatures vanquished.

Vanquished Creatures (collateral kills)
  A warg (Orc:2)
  An orc warrior (Orc:2)
2 creatures vanquished.

Vanquished Creatures (others)
  4 bloated husks
  A naga simulacrum (IceCv)
  A white imp (IceCv)
  43 fungi
  76 plants
125 creatures vanquished.

Grand Total: 702 creatures vanquished

Notes
Turn   | Place    | Note
-------+----------+-------------------------------------------
     0 | D:1      | ONETWELVE the Hill Orc Monk began the quest for the Orb.
     0 | D:1      | Reached XP level 1. HP: 19/19 MP: 1/1
   251 | D:1      | Reached XP level 2. HP: 26/26 MP: 2/2
   282 | D:1      | Reached skill level 5 in Axes
   383 | D:2      | Noticed Robin
   430 | D:2      | Reached XP level 3. HP: 28/31 MP: 3/3
   539 | D:2      | Noticed Natasha
   685 | D:3      | Found Imooc's Antique Weapon Emporium.
   728 | D:3      | Found a basalt altar of Yredelemnul.
   777 | D:3      | Reached skill level 6 in Axes
   781 | D:3      | Found a faded altar of an unknown god.
   903 | D:1      | Killed Robin
  1065 | D:2      | Reached XP level 4. HP: 35/39 MP: 4/4
  1135 | D:3      | Found Belemaac's Armour Shop.
  1184 | D:4      | Identified the +3 dagger "Essipt" {flame, *Rage Str+8
                  | Int+4}
  1248 | D:5      | Entered Level 5 of the Dungeon
  1273 | D:5      | Reached skill level 7 in Axes
  1273 | D:5      | Reached XP level 5. HP: 30/45 MP: 5/5
  1321 | D:4      | Noticed a phantom
  1456 | D:5      | Identified a scroll of acquirement
  1456 | D:5      | Acquired the amulet "Haixtofi" {Reflect rPois Will+ Str+4
                  | Int-3 Dex+2 SH+5}
  1459 | D:5      | Noticed an ogre
  1567 | D:4      | Found an ancient bone altar of Kikubaaqudgha.
  1569 | D:4      | Found a blossoming altar of Fedhas.
  1714 | D:4      | Found a radiant altar of Vehumet.
  1715 | D:4      | Found a shadowy altar of Dithmenos.
  1751 | D:4      | Reached skill level 8 in Axes
  1751 | D:4      | Reached XP level 6. HP: 28/51 MP: 6/6
  1811 | D:4      | Noticed a necrophage
  1915 | D:3      | Bought a runed war axe for 195 gold pieces
  1988 | D:4      | Reached skill level 9 in Axes
  1991 | D:4      | Killed a necrophage
  2236 | D:5      | Reached skill level 10 in Axes
  2236 | D:5      | Reached XP level 7. HP: 47/57 MP: 7/7
  2260 | D:5      | Found a staircase to the Ecumenical Temple.
  2269 | Temple   | Entered the Ecumenical Temple
  2300 | Temple   | Became a worshipper of Trog the Wrathful
  2300 | Temple   | Reached * piety under Trog
  2300 | Temple   | Reached ** piety under Trog
  2371 | D:6      | Reached skill level 11 in Axes
  2471 | D:5      | Found a shimmering altar of Xom.
  2563 | D:6      | Reached XP level 8. HP: 64/64 MP: 8/8
  2604 | D:6      | Reached skill level 12 in Axes
  2720 | D:6      | Noticed a yak
  2720 | D:6      | Noticed a yak
  2721 | D:6      | Noticed a yak
  2729 | D:6      | Killed a yak
  2730 | D:6      | Killed a yak
  2731 | D:6      | Reached skill level 13 in Axes
  2734 | D:6      | Killed a yak
  2770 | D:6      | Reached skill level 14 in Axes
  2820 | D:7      | Reached skill level 1 in Armour
  2820 | D:7      | Reached XP level 9. HP: 42/71 MP: 9/9
  2906 | D:7      | Reached skill level 5 in Fighting
  3021 | D:6      | Reached *** piety under Trog
  3245 | D:8      | Found a transporter.
  3250 | D:8      | Noticed a moth of wrath
  3250 | D:8      | Noticed Karpo's ghost (novice GrEE)
  3288 | D:8      | Found a transporter.
  3329 | D:8      | Found Yroir's Hallowed Reliquary.
  3331 | D:8      | Noticed an angel
  3461 | D:10     | Entered Level 10 of the Dungeon
  3494 | D:10     | Found a transporter.
  3494 | D:10     | Noticed a komodo dragon
  3507 | D:10     | Killed a komodo dragon
  3551 | D:10     | Noticed libidonplus's ghost (journeyman GnFi)
  3562 | D:10     | Found a transporter.
  3628 | D:11     | Noticed a cyclops
  3636 | D:11     | Killed a cyclops
  3637 | D:11     | Reached skill level 15 in Axes
  3637 | D:11     | Reached XP level 10. HP: 90/90 MP: 10/10
  3884 | D:8      | Reached **** piety under Trog
  3890 | D:8      | You fall into a shaft and drop 1 floor!
  3971 | D:8      | Found a staircase to the Lair.
  3973 | D:8      | Noticed a gargoyle
  3986 | D:8      | Killed a gargoyle
  3987 | D:8      | Reached skill level 10 in Fighting
  3987 | D:8      | Reached skill level 16 in Axes
  4033 | D:8      | Found a burning altar of Makhleb.
  4036 | D:8      | Found a glowing silver altar of Zin.
  4036 | D:8      | Noticed an angel
  4037 | D:8      | Noticed a blizzard demon
  4324 | D:9      | Found a sacrificial altar of Ru.
  4613 | D:11     | Noticed a kobold demonologist
  4621 | D:11     | Noticed a soul eater
  4622 | D:11     | Noticed an orange demon
  4623 | D:11     | Killed a kobold demonologist
  4624 | D:11     | Reached XP level 11. HP: 101/101 MP: 11/11
  4637 | D:11     | Noticed a sixfirhy
  4674 | D:11     | Found Taecsi's General Store.
  4699 | D:10     | Reached skill level 17 in Axes
  4759 | D:11     | Noticed a cyclops
  4762 | D:11     | Killed a cyclops
  4763 | D:11     | Reached skill level 1 in Evocations
  4799 | D:11     | Noticed Gastronok
  4893 | D:12     | Noticed a skeletal warrior
  4893 | D:12     | Noticed a skeletal warrior
  4893 | D:12     | Noticed a skeletal warrior
  4893 | D:12     | Noticed a skeletal warrior
  4893 | D:12     | Noticed a skeletal warrior
  4979 | D:11     | Killed Gastronok
  4980 | D:11     | Reached skill level 5 in Armour
  5056 | D:11     | Noticed Urug
  5085 | D:11     | Killed Urug
  5259 | D:13     | Noticed a deep elf pyromancer
  5263 | D:13     | Killed a deep elf pyromancer
  5289 | D:12     | Noticed a manticore
  5345 | D:12     | Killed a manticore
  5394 | D:13     | Noticed a cyclops
  5412 | D:13     | Killed a cyclops
  5412 | D:13     | Reached ***** piety under Trog
  5413 | D:13     | Reached XP level 12. HP: 79/113 MP: 12/12
  5425 | D:14     | Noticed a two-headed ogre
  5425 | D:14     | Noticed a centaur warrior
  5425 | D:14     | Found a gate to the Vaults.
  5460 | D:13     | Noticed a two-headed ogre
  5477 | D:13     | Killed a two-headed ogre
  5658 | D:13     | Reached skill level 18 in Axes
  5895 | D:14     | Noticed a centaur warrior
  5903 | D:14     | Killed a centaur warrior
  5930 | D:14     | Noticed a centaur warrior
  5938 | D:14     | Killed a centaur warrior
  5965 | D:14     | Noticed a boulder beetle
  5973 | D:14     | Killed a boulder beetle
  6000 | D:14     | Noticed an eight-headed hydra
  6055 | D:14     | Killed a two-headed ogre
  6200 | D:14     | Reached skill level 19 in Axes
  6220 | D:14     | Killed a centaur warrior
  6332 | D:14     | Reached XP level 13. HP: 86/125 MP: 13/13
  6526 | D:12     | Reached skill level 15 in Fighting
  6740 | D:12     | Found a staircase to the Orcish Mines.
  6749 | Orc:1    | Entered Level 1 of the Orcish Mines
  6825 | Orc:1    | Found a burning altar of Makhleb.
  6857 | Orc:2    | Entered Level 2 of the Orcish Mines
  6864 | Orc:2    | Received a gift from Trog
  6926 | Orc:2    | Noticed Donald
  6938 | Orc:2    | Killed Donald
  6939 | Orc:2    | Reached skill level 20 in Axes
  7149 | Orc:1    | You fall into a shaft and drop 1 floor!
  7319 | Orc:2    | Noticed an orc warlord
  7336 | Orc:2    | Killed an orc warlord
  7372 | Orc:2    | Reached skill level 21 in Axes
  7424 | Orc:2    | Found a roughly hewn altar of Beogh.
  7427 | Orc:2    | Found Noohoeca's General Store.
  7464 | Orc:2    | Found Etie's Antique Armour Shop.
  7479 | Orc:2    | Found Erchiorut's Antique Weapon Shop.
  7496 | Orc:2    | Found Wecur's Book Shop.
  7511 | Orc:2    | Bought a pair of boots for 85 gold pieces
  7540 | Orc:2    | Found Rennasomp's Jewellery Shoppe.
  7544 | Orc:2    | Noticed Azrael
  7555 | Orc:2    | Reached skill level 1 in Throwing
  7635 | Orc:2    | Bought a +4 ring of evasion for 576 gold pieces
  7665 | Orc:2    | Killed Azrael
  7919 | D:8      | Killed Karpo's ghost
  7920 | D:8      | Reached XP level 14. HP: 135/135 MP: 14/14
  7997 | Lair:1   | Entered Level 1 of the Lair of Beasts
  8113 | Lair:3   | Found an iron altar of Okawaru.
  8266 | Lair:3   | Found a staircase to the Snake Pit.
  8361 | Lair:3   | Reached skill level 5 in Throwing
  8414 | Lair:4   | Reached skill level 22 in Axes
  8449 | Snake:1  | Entered Level 1 of the Snake Pit
  8596 | Lair:4   | Found a staircase to the Swamp.
  8640 | Lair:4   | Found a frozen archway.
  8650 | IceCv    | Entered an ice cave
  8991 | IceCv    | Noticed a reaper
  9006 | IceCv    | Killed a reaper
  9148 | Lair:6   | Entered Level 6 of the Lair of Beasts
  9164 | Lair:6   | Reached skill level 23 in Axes
  9195 | Lair:6   | Received a gift from Trog
  9380 | Lair:6   | Found a staircase to the Slime Pits.
  9453 | Lair:6   | Reached skill level 5 in Evocations
  9506 | Lair:6   | Reached XP level 15. HP: 98/141 MP: 15/15
  9793 | Swamp:1  | Entered Level 1 of the Swamp
  9793 | Swamp:1  | Noticed a fenstrider witch
  9798 | Swamp:1  | Killed a fenstrider witch
  9820 | Swamp:1  | Found a shimmering altar of Xom.
  9868 | Swamp:1  | Reached skill level 10 in Armour
  9932 | Swamp:2  | HP: 4/211 [bunyip (9)]
 10098 | Swamp:2  | You fall into a shaft and drop 1 floor!
 10139 | Swamp:4  | Entered Level 4 of the Swamp
 10147 | Swamp:4  | Noticed a ghoul
 10147 | Swamp:4  | Noticed a ghoul
 10149 | Swamp:4  | Noticed a ghoul
 10356 | Swamp:2  | Noticed Jorgrun
 10518 | Swamp:4  | Noticed Mara
 10613 | Swamp:4  | Killed a ghoul
 10614 | Swamp:4  | Reached skill level 24 in Axes
 10615 | Swamp:4  | Killed a ghoul
 10683 | Swamp:4  | Reached XP level 16. HP: 149/149 MP: 16/16
 10788 | Swamp:4  | Noticed the 27-headed Lernaean hydra
 10859 | Swamp:4  | Noticed ONETWELVE's illusion
 10944 | Swamp:4  | Noticed ONETWELVE's illusion
 10964 | Swamp:3  | Killed Mara
 10965 | Swamp:3  | Reached skill level 25 in Axes
 11011 | Swamp:4  | HP: 4/149 [the 27-headed Lernaean hydra (7)]
 11011 | Swamp:4  | Mangled by the 27-headed Lernaean hydra

Illustrated notes

Levels and vault maps discovered:
D:1:      matt_arrival_refuge, layout_basic, st_stairs_6,
          corexii_hall_statues_u, minmay_lizard_king
D:2:      layout_basic, uniq_natasha, uniq_robin
D:3:      layout_loops_ring, yredelemnul_forgotten_temple_becter,
          nicolae_tso_swordbearing_angel, cheibrodos_sewer_entry_bend,
          serial_shops, nicolae_shop_crystal, shop, shop, shop,
          nicolae_shop_crystal, hellmonk_ecumenical_altar_heavens_door,
          chequers_serial_rivers_room_a
D:4:      layout_basic, grunt_temple_overflow_growth_and_decay,
          mainiacjoe_overflow_divided_tiny, kennysheep_generic_room_9
D:5:      layout_loops_ring, mainiacjoe_overflow_24_doors, temple_pool_b
D:6:      layout_layer_cave
D:7:      layout_basic
D:8:      layout_gridville, grunt_temple_overflow_order_and_chaos_2,
          due_lair_maze_entry_diamond, gammafunk_ghost_berserking_beasts,
          hangedman_decor_opposing, nicolae_good_shop
D:9:      minmay_angry_zag, layout_basic, mainiacjoe_overflow_chevrons
D:10:     layout_long_grid, gammafunk_ghost_stat_death,
          grunt_decor_mini_mirrors, hangedman_decor_push, minivault_24
D:11:     layout_loops_cross, serial_shops, nicolae_shop_statue_plus,
          minmay_misc_feat_rows, kennysheep_cluttered_room, uniq_gastronok,
          uniq_urug
D:12:     layout_irregular_city, orc_0_dummy
D:13:     layout_loops_ring, einodemon_barbed_minivault
D:14:     layout_roguey, david_vaults_3, chequers_jeans, serial_shops, shop,
          serial_bayou_pond_b, nicolae_hepliaklqana_hazy_memory
Temple:   minmay_temple_bridge_abc
Lair:1:   layout_cave_shapes
Lair:2:   gammafunk_boulding_lane, layout_long_grid
Lair:3:   layout_gridlike, minmay_snake_entry_guardpost_small,
          lemuel_altar_in_water2, grunt_forest_small_clearings,
          serial_bayou_pond_c
Lair:4:   layout_cave_shapes, swamp_mist, portal_ice_cave_entry_pillars_1
Lair:5:   layout_small_grid, gammafunk_ghost_grave, infiniplex_staircase_pool,
          serial_bayou_shore_b, serial_bayou_shore_b, uniq_sonja
Lair:6:   minmay_lair_end_enchanted_forest, layout_loops_ring,
          nicolae_slime_entry_slimehenge, minivault_19, serial_bayou_shore_b,
          grunt_megastairs_3, lemuel_fruit_tree
Swamp:1:  layout_basic_swamp, basic_altar, swamp_pool1,
          infiniplex_staircase_pool_2
Swamp:2:  layout_basic_swamp, nicolae_swamp_ascending_descending, uniq_jorgrun,
          uniq_kirke
Swamp:3:  layout_basic_swamp, nicolae_swamp_orc_logging_accident
Swamp:4:  grunt_swamp_rune_castle, layout_basic_swamp, swamp_pool1, uniq_mara
Snake:1:  layout_gridlike, gammafunk_ghost_grave, minmay_shoptagon
Orc:1:    layout_caves, basic_altar
Orc:2:    grunt_orc_cross, layout_caves, special_room, serial_shops,
          nicolae_shop_statue_plus, nicolae_orc_tapped_out, uniq_donald,
          uniq_azrael

Skill      XL: |  1  2  3  4  5  6  7  8  9 10 11 12 13 14 15 16 |
---------------+-------------------------------------------------+-----
Axes           | 5 6 7 8 10 11 14 15 16 17 19 21 23 24 25 | 25.1
Armour         | 1 4 6 10 11 | 11.7
Fighting       | 8 10 12 14 15 | 15.5
Evocations     | 3 5 |  5.1
Throwing       | 2 5 |  5.2
Dodging        | |  2.4
Stealth        | |  1.5

Action                   |  1- 3 |  4- 6 |  7- 9 | 10-12 | 13-15 | 16-18 || total
-------------------------+-------+-------+-------+-------+-------+-------++-------
Melee: Hand axe          |   114 |   116 |       |       |       |       ||   230
       Short sword       |       |    10 |       |       |       |       ||    10
       War axe           |       |    19 |   187 |   334 |    93 |       ||   633
       Executioner's axe |       |       |       |       |   656 |    56 ||   712
       Demon trident     |       |       |       |       |    62 |    12 ||    74
Throw: Dart              |       |       |       |     5 |     2 |       ||     7
       Javelin           |       |       |       |       |     4 |       ||     4
Invok: Berserk           |       |       |     2 |    14 |    22 |     2 ||    40
       Trog's Hand       |       |       |     1 |     4 |    34 |     6 ||    45
       Brothers in Arms  |       |       |       |       |     2 |       ||     2
Evoke: Wand              |       |       |       |       |    12 |       ||    12
  Use: Scroll            |       |     5 |     2 |    13 |    15 |     1 ||    36
       Potion            |       |       |       |       |     2 |       ||     2
 Stab: Sleeping          |       |     1 |       |       |       |       ||     1
Armor: Ring mail         |    54 |    53 |       |       |       |       ||   107
       Robe              |     2 |       |       |       |       |       ||     2
       Chain mail        |       |     9 |    73 |   130 |       |       ||   212
       Plate armour      |       |       |       |    18 |   535 |   143 ||   696
Dodge: Dodged            |    78 |    90 |    49 |    97 |   349 |    75 ||   738
Block: Other             |       |    12 |    34 |    58 |   180 |    32 ||   316
       Reflection        |       |     2 |     1 |     3 |     2 |       ||     8
